| TOP OF THE 1ST |
|
Pittsburgh Pirates batting - Pitching for Milwaukee Brewers : RHP John York
|
|
Pitching: RHP John York
|
|
|
Batting: RHB Eisse Bravenboer
|
0-0: Foul Ball, location: 2F 0-1: Swinging Strike 0-2: Ball 1-2: Strikes out swinging
|
|
Batting: RHB Steve Jordan
|
0-0: Called Strike 0-1: SINGLE (Line Drive, 9LS, EV 99.4 MPH)
|
|
Batting: SHB Marvin McAleer
|
0-0: Called Strike 0-1: SINGLE (Groundball, 4M, EV 88.1 MPH) (infield hit) Steve Jordan to second
|
|
Batting: RHB Vincent Poopwell
|
0-0: Ball 1-0: Ball 2-0: Grounds into double play, 4-6-3 (Groundball, 4, EV 80.0 MPH)
|
| Top of the 1st over - 0 runs, 2 hits, 0 errors, 1 left on base; Pittsburgh 0 - Milwaukee 0 |
| BOTTOM OF THE 1ST |
|
Milwaukee Brewers batting - Pitching for Pittsburgh Pirates : RHP Isaburo Ishihara
|
|
Pitching: RHP Isaburo Ishihara
|
|
|
Batting: RHB Daniel Donovan
|
0-0: Foul Ball, location: 2F 0-1: Ball 1-1: Fly out, F9 (Flyball, 89M, EV 98.1 MPH)
|
|
Batting: RHB Akitada Nishizawa
|
0-0: Called Strike 0-1: Called Strike 0-2: SINGLE (Flyball, 8LS, EV 91.2 MPH)
|
|
Batting: SHB Jason Woods
|
0-0: Ball 1-0: SINGLE (Groundball, 56S, EV 65.6 MPH) (infield hit) Akitada Nishizawa to second
|
|
Batting: LHB Tetsuya Oba
|
0-0: Called Strike 0-1: Ball 1-1: Swinging Strike 1-2: Ball 2-2: Ball 3-2: Foul Ball, location: 2F 3-2: Base on Balls Akitada Nishizawa to third Jason Woods to second
|
|
Batting: SHB Jean-François Bernard
|
0-0: Called Strike 0-1: Foul Ball, location: 2F 0-2: Ball 1-2: Ball 2-2: SINGLE (Groundball, 4MD, EV 95.6 MPH) Akitada Nishizawa scores Jason Woods to third Tetsuya Oba to second Runner from 3rd tries for Home, SAFE, throw by CF to home
|
|
Batting: LHB Jeremy Kuiper
|
0-0: Ball 1-0: SINGLE (Flyball, 34D, EV 89.4 MPH) Tetsuya Oba to third Jean-François Bernard to second
|
|
Batting: RHB Cody Flowers
|
0-0: Called Strike 0-1: SINGLE (Flyball, 8RS, EV 93.1 MPH) Tetsuya Oba scores Jean-François Bernard to third Jeremy Kuiper to second
|
|
Batting: RHB Kisho Ito
|
0-0: Called Strike 0-1: SINGLE (Line Drive, 8LM, EV 93.8 MPH) Jean-François Bernard scores Jeremy Kuiper to third Cody Flowers to second
|
|
Batting: LHB Katsunan Akimoto
|
0-0: Ball 1-0: Swinging Strike 1-1: Foul Ball, location: 2F 1-2: Ball 2-2: Fielders Choice at 2nd, 3-6 (Groundball, 34, EV 86.9 MPH) Jeremy Kuiper scores Cody Flowers to third
|
|
Batting: RHB Daniel Donovan
|
0-0: Fly out, F9 (Line Drive, 9D, EV 85.0 MPH)
|
| Bottom of the 1st over - 5 runs, 6 hits, 0 errors, 2 left on base; Pittsburgh 0 - Milwaukee 5 |
| TOP OF THE 2ND |
|
Pittsburgh Pirates batting - Pitching for Milwaukee Brewers : RHP John York
|
|
Batting: LHB Theodore Conboy
|
0-0: Ball 1-0: Fly out, F7 (Flyball, 78XD, EV 101.9 MPH)
|
|
Batting: RHB Tommie Eaton
|
0-0: Called Strike 0-1: SINGLE (Line Drive, 4MD, EV 109.4 MPH)
|
|
Batting: RHB Pedro Nin
|
0-0: Foul Ball, location: 2F 0-1: Ball 1-1: Foul Ball, location: 2F 1-2: Foul Ball, location: 2F 1-2: Ball 2-2: Fly out, F8 (Flyball, 78D, EV 78.1 MPH)
|
|
Batting: RHB Raul Mendoza
|
0-0: Ball 1-0: Swinging Strike 1-1: Hit by Pitch Tommie Eaton to second
|
|
Batting: RHB Mike Bates
|
0-0: Foul Ball, location: 2F 0-1: Ball 1-1: Ball 2-1: Swinging Strike 2-2: Ground out 3-1 (Groundball, 34, EV 94.4 MPH)
|
| Top of the 2nd over - 0 runs, 1 hit, 0 errors, 2 left on base; Pittsburgh 0 - Milwaukee 5 |
| BOTTOM OF THE 2ND |
|
Milwaukee Brewers batting - Pitching for Pittsburgh Pirates : RHP Isaburo Ishihara
|
|
Batting: RHB Akitada Nishizawa
|
0-0: Called Strike 0-1: SINGLE (Groundball, 56, EV 95.6 MPH)
|
|
Batting: SHB Jason Woods
|
0-0: Swinging Strike 0-1: Ball 1-1: Swinging Strike 1-2: Foul Ball, location: 2F 1-2: Foul Ball, location: 2F 1-2: Ball 2-2: SINGLE (Line Drive, 34, EV 96.9 MPH) Akitada Nishizawa to second
|
|
Pitching: RHP Phil Sell
|
|
|
Batting: LHB Tetsuya Oba
|
0-0: Ball Akitada Nishizawa steals 3rd, throwing error, E2 Akitada Nishizawa scores Jason Woods to third 1-0: Fly out, F9 (Flyball, 9LM, EV 83.1 MPH) Runner from 3rd tags up, SCORES, no throw by RF
|
|
Batting: SHB Jean-François Bernard
|
0-0: Ball 1-0: Ball 2-0: Called Strike 2-1: Ground out 6-3 (Groundball, 6M, EV 90.6 MPH)
|
|
Batting: LHB Jeremy Kuiper
|
0-0: Ball 1-0: SINGLE (Line Drive, 89M, EV 102.5 MPH)
|
|
Batting: RHB Cody Flowers
|
0-0: Ball 1-0: Called Strike 1-1: Ball 2-1: Ball 3-1: Foul Ball, location: 2F 3-2: Foul Ball, location: 2F 3-2: Base on Balls Jeremy Kuiper to second
|
|
Batting: RHB Kisho Ito
|
0-0: Swinging Strike 0-1: Ground out 4-3 (Groundball, 4, EV 87.5 MPH)
|
| Bottom of the 2nd over - 2 runs, 3 hits, 1 error, 2 left on base; Pittsburgh 0 - Milwaukee 7 |
| TOP OF THE 3RD |
|
Pittsburgh Pirates batting - Pitching for Milwaukee Brewers : RHP John York
|
|
Batting: RHB Eisse Bravenboer
|
0-0: Called Strike 0-1: Ball 1-1: Ball 2-1: Foul Ball, location: 2F 2-2: Foul Ball, location: 2F 2-2: Ball 3-2: Fly out, F8 (Flyball, 8RM, EV 94.4 MPH)
|
|
Batting: RHB Steve Jordan
|
0-0: Foul Ball, location: 2F 0-1: Ground out 4-3 (Groundball, 34, EV 101.9 MPH)
|
|
Batting: SHB Marvin McAleer
|
0-0: Ball 1-0: Ball 2-0: Called Strike 2-1: Called Strike 2-2: Foul Ball, location: 2F 2-2: Ball 3-2: Fly out, F9 (Flyball, 9S, EV 91.2 MPH)
|
| Top of the 3rd over - 0 runs, 0 hits, 0 errors, 0 left on base; Pittsburgh 0 - Milwaukee 7 |
| BOTTOM OF THE 3RD |
|
Milwaukee Brewers batting - Pitching for Pittsburgh Pirates : RHP Phil Sell
|
|
Batting: LHB Katsunan Akimoto
|
0-0: Ball 1-0: Foul Ball, location: 2F 1-1: Foul Ball, location: 2F 1-2: Ball 2-2: Foul Ball, location: 2F 2-2: Strikes out swinging
|
|
Batting: RHB Daniel Donovan
|
0-0: Ball 1-0: Ball 2-0: Swinging Strike 2-1: Foul Ball, location: 2F 2-2: Ball 3-2: Foul Ball, location: 2F 3-2: Base on Balls
|
|
Batting: RHB Akitada Nishizawa
|
0-0: Ball Daniel Donovan steals 2nd base (no throw) 1-0: Ball 2-0: Called Strike 2-1: Ball 3-1: Base on Balls
|
|
Batting: SHB Jason Woods
|
0-0: Foul Ball, location: 2F 0-1: Called Strike 0-2: Ball 1-2: Foul Ball, location: 2F 1-2: Ball 2-2: Hit by Pitch Daniel Donovan to third Akitada Nishizawa to second
|
|
Batting: LHB Tetsuya Oba
|
0-0: Foul Ball, location: 2F 0-1: Ball 1-1: DOUBLE (Groundball, 3L, EV 109.4 MPH) Daniel Donovan scores Akitada Nishizawa scores Jason Woods to third
|
|
Batting: SHB Jean-François Bernard
|
0-0: Ball 1-0: Ball 2-0: Ball 3-0: Called Strike 3-1: Base on Balls
|
|
Batting: LHB Jeremy Kuiper
|
0-0: Hit by Pitch Jason Woods scores Tetsuya Oba to third Jean-François Bernard to second
|
|
Batting: RHB Cody Flowers
|
0-0: Foul Ball, location: 2F 0-1: Ball 1-1: Swinging Strike 1-2: Ball 2-2: Ball 3-2: Fly out, F4 (Popup, 34S, EV 79.4 MPH)
|
|
Batting: RHB Kisho Ito
|
0-0: Called Strike 0-1: Ball 1-1: Called Strike 1-2: Ball 2-2: GRAND SLAM HOME RUN (Flyball, 89XD, EV 95.6 MPH), Distance : 397 ft
|
|
Pitching: RHP Curt Campbell
|
|
|
Batting: LHB Katsunan Akimoto
|
0-0: Ball 1-0: Ball 2-0: Ball 3-0: Base on Balls
|
|
Batting: RHB Daniel Donovan
|
0-0: Fielders Choice at 2nd, 6-4 (Groundball, 6, EV 100.6 MPH)
|
| Bottom of the 3rd over - 7 runs, 2 hits, 0 errors, 1 left on base; Pittsburgh 0 - Milwaukee 14 |
| TOP OF THE 4TH |
|
Pittsburgh Pirates batting - Pitching for Milwaukee Brewers : RHP John York
|
|
Batting: RHB Vincent Poopwell
|
0-0: Ball 1-0: Called Strike 1-1: Swinging Strike 1-2: SOLO HOME RUN (Flyball, 7D, EV 99.4 MPH), Distance : 395 ft
|
|
Batting: LHB Theodore Conboy
|
0-0: Ball 1-0: Called Strike 1-1: SINGLE (Flyball, 7LS, EV 98.8 MPH)
|
|
Batting: RHB Tommie Eaton
|
0-0: Ball 1-0: Ball 2-0: Ball 3-0: Called Strike 3-1: Called Strike 3-2: Fielders Choice at 2nd, 3-6 (Groundball, 34, EV 86.2 MPH)
|
|
Batting: RHB Pedro Nin
|
0-0: Ball 1-0: Foul Ball, location: 2F 1-1: Ball 2-1: Ball 3-1: Base on Balls Tommie Eaton to second
|
|
Batting: RHB Raul Mendoza
|
0-0: Foul Ball, location: 2F 0-1: Swinging Strike 0-2: Strikes out swinging
|
|
Batting: RHB Mike Bates
|
0-0: Called Strike 0-1: Ball 1-1: Ground out 1-3 (Groundball, 13S, EV 61.9 MPH)
|
| Top of the 4th over - 1 run, 2 hits, 0 errors, 2 left on base; Pittsburgh 1 - Milwaukee 14 |
| BOTTOM OF THE 4TH |
|
Milwaukee Brewers batting - Pitching for Pittsburgh Pirates : RHP Curt Campbell
|
|
Batting: RHB Akitada Nishizawa
|
0-0: Ball 1-0: Ball 2-0: Ground out U3 (Groundball, 3L, EV 85.6 MPH)
|
|
Batting: SHB Jason Woods
|
0-0: Ball 1-0: Ground out 6-3 (Groundball, 6, EV 83.8 MPH)
|
|
Batting: LHB Tetsuya Oba
|
0-0: SINGLE (Line Drive, 3D, EV 104.4 MPH)
|
|
Batting: SHB Jean-François Bernard
|
0-0: Swinging Strike 0-1: Swinging Strike 0-2: Foul Ball, location: 2F 0-2: Ball 1-2: Strikes out looking
|
| Bottom of the 4th over - 0 runs, 1 hit, 0 errors, 1 left on base; Pittsburgh 1 - Milwaukee 14 |
| TOP OF THE 5TH |
|
Pittsburgh Pirates batting - Pitching for Milwaukee Brewers : RHP John York
|
|
Batting: RHB Eisse Bravenboer
|
0-0: Called Strike 0-1: Ball 1-1: Fly out, F8 (Line Drive, 8RD, EV 101.2 MPH)
|
|
Batting: RHB Steve Jordan
|
0-0: Ball 1-0: Called Strike 1-1: Ball 2-1: Foul Ball, location: 2F 2-2: Ground out 3-1 (Groundball, 34, EV 81.2 MPH)
|
|
Pitching: RHP Josh Kenyon
|
|
|
Batting: SHB Marvin McAleer
|
0-0: Ball 1-0: Foul Ball, location: 2F 1-1: Ground out 4-3 (Groundball, 4, EV 88.8 MPH)
|
| Top of the 5th over - 0 runs, 0 hits, 0 errors, 0 left on base; Pittsburgh 1 - Milwaukee 14 |
| BOTTOM OF THE 5TH |
|
Milwaukee Brewers batting - Pitching for Pittsburgh Pirates : RHP Curt Campbell
|
|
Batting: LHB Jeremy Kuiper
|
0-0: Ball 1-0: Ball 2-0: Swinging Strike 2-1: Called Strike 2-2: Strikes out swinging
|
|
Batting: RHB Cody Flowers
|
0-0: Ball 1-0: Called Strike 1-1: Foul Ball, location: 2F 1-2: Strikes out looking
|
|
Batting: RHB Kisho Ito
|
0-0: Ball 1-0: Fly out, F7 (Flyball, 7S, EV 86.2 MPH)
|
| Bottom of the 5th over - 0 runs, 0 hits, 0 errors, 0 left on base; Pittsburgh 1 - Milwaukee 14 |
| TOP OF THE 6TH |
|
Pittsburgh Pirates batting - Pitching for Milwaukee Brewers : RHP Josh Kenyon
|
|
Batting: RHB Vincent Poopwell
|
0-0: Foul Ball, location: 2F 0-1: Ground out 5-3 (Groundball, 56, EV 89.4 MPH)
|
|
Batting: LHB Theodore Conboy
|
0-0: Ball 1-0: Foul Ball, location: 2F 1-1: Called Strike 1-2: Ground out 1-3 (Groundball, 13S, EV 75.0 MPH)
|
|
Batting: RHB Tommie Eaton
|
0-0: Called Strike 0-1: Ball 1-1: Fly out, F9 (Flyball, 89D, EV 103.8 MPH)
|
| Top of the 6th over - 0 runs, 0 hits, 0 errors, 0 left on base; Pittsburgh 1 - Milwaukee 14 |
| BOTTOM OF THE 6TH |
|
Milwaukee Brewers batting - Pitching for Pittsburgh Pirates : RHP Curt Campbell
|
|
Batting: LHB Katsunan Akimoto
|
0-0: Ball 1-0: Ball 2-0: Ball 3-0: Called Strike 3-1: Foul Ball, location: 2F 3-2: Foul Ball, location: 2F 3-2: Base on Balls
|
|
Batting: RHB Daniel Donovan
|
0-0: Called Strike 0-1: SINGLE (Groundball, 34D, EV 107.5 MPH) Katsunan Akimoto to second
|
|
Batting: RHB Akitada Nishizawa
|
0-0: Called Strike 0-1: Swinging Strike 0-2: Ball 1-2: Grounds into double play, 4-6-3 (Groundball, 13, EV 86.2 MPH) Katsunan Akimoto to third
|
|
Batting: SHB Jason Woods
|
0-0: Called Strike 0-1: Ball 1-1: Foul Ball, location: 2F 1-2: Foul Ball, location: 2F 1-2: Foul Ball, location: 2F 1-2: Ball 2-2: Strikes out swinging
|
| Bottom of the 6th over - 0 runs, 1 hit, 0 errors, 1 left on base; Pittsburgh 1 - Milwaukee 14 |
| TOP OF THE 7TH |
|
Pittsburgh Pirates batting - Pitching for Milwaukee Brewers : RHP Josh Kenyon
|
|
Pinch Hitting: RHB Andrew Robinson
|
0-0: Fly out, F9 (Flyball, 9LD, EV 112.5 MPH)
|
|
Batting: RHB Raul Mendoza
|
0-0: Called Strike 0-1: Ball 1-1: Reached on error, E6 (Groundball, 6, EV 81.9 MPH)
|
|
Batting: RHB Mike Bates
|
0-0: Ground out 5-3 (Groundball, 56, EV 103.1 MPH)
|
|
Pinch Hitting: LHB Marc Carter
|
0-0: Ball 1-0: Ball 2-0: Fly out, F6 (Popup, 56, EV 65.0 MPH)
|
| Top of the 7th over - 0 runs, 0 hits, 1 error, 1 left on base; Pittsburgh 1 - Milwaukee 14 |
| BOTTOM OF THE 7TH |
|
Milwaukee Brewers batting - Pitching for Pittsburgh Pirates : RHP Curt Campbell
|
|
Now at 1B: Mike Thornton
|
|
|
Now at 2B: Andrew Robinson
|
|
|
Batting: LHB Tetsuya Oba
|
0-0: Ball 1-0: Ball 2-0: Ball 3-0: Called Strike 3-1: Swinging Strike 3-2: Foul Ball, location: 2F 3-2: Ground out 4-3 (Groundball, 4M, EV 106.9 MPH)
|
|
Batting: SHB Jean-François Bernard
|
0-0: Swinging Strike 0-1: Swinging Strike 0-2: Ball 1-2: Ball 2-2: Ball 3-2: Foul Ball, location: 2F 3-2: SINGLE (Groundball, 4MD, EV 101.2 MPH) (infield hit)
|
|
Pitching: RHP Josh Allport
|
|
|
Batting: LHB Jeremy Kuiper
|
0-0: Called Strike 0-1: Foul Ball, location: 2F 0-2: Strikes out looking
|
|
Batting: RHB Cody Flowers
|
0-0: Swinging Strike 0-1: Foul Ball, location: 2F 0-2: Foul Ball, location: 2F 0-2: Ball 1-2: Strikes out swinging
|
| Bottom of the 7th over - 0 runs, 1 hit, 0 errors, 1 left on base; Pittsburgh 1 - Milwaukee 14 |
| TOP OF THE 8TH |
|
Pittsburgh Pirates batting - Pitching for Milwaukee Brewers : RHP Josh Kenyon
|
|
Batting: RHB Steve Jordan
|
0-0: Fly out, F7 (Flyball, 7, EV 86.9 MPH)
|
|
Batting: SHB Marvin McAleer
|
0-0: Foul Ball, location: 2F 0-1: Swinging Strike 0-2: Ground out U3 (Groundball, 34S, EV 81.2 MPH)
|
|
Batting: RHB Vincent Poopwell
|
0-0: Ball 1-0: Ball 2-0: Ball 3-0: Base on Balls
|
|
Batting: LHB Theodore Conboy
|
0-0: Ball 1-0: Ball 2-0: Foul Ball, location: 2F 2-1: Ball 3-1: Base on Balls Vincent Poopwell to second
|
|
Batting: RHB Tommie Eaton
|
0-0: SINGLE (Line Drive, 4D, EV 95.6 MPH) Vincent Poopwell to third Theodore Conboy to second Runner from 3rd tries for Home, throw by CF and OUT! 8-2
|
| Top of the 8th over - 0 runs, 1 hit, 0 errors, 2 left on base; Pittsburgh 1 - Milwaukee 14 |
| BOTTOM OF THE 8TH |
|
Milwaukee Brewers batting - Pitching for Pittsburgh Pirates : RHP Josh Allport
|
|
Batting: RHB Kisho Ito
|
0-0: Ball 1-0: Ball 2-0: Foul Ball, location: 2F 2-1: Foul Ball, location: 2F 2-2: Foul Ball, location: 2F 2-2: Ball 3-2: Fly out, F8 (Flyball, 8RS, EV 98.8 MPH)
|
|
Batting: LHB Katsunan Akimoto
|
0-0: Ball 1-0: Foul Ball, location: 2F 1-1: Ball 2-1: Swinging Strike 2-2: Ground out 4-3 (Groundball, 4, EV 111.2 MPH)
|
|
Batting: RHB Daniel Donovan
|
0-0: Fly out, F7 (Flyball, 7D, EV 101.9 MPH)
|
| Bottom of the 8th over - 0 runs, 0 hits, 0 errors, 0 left on base; Pittsburgh 1 - Milwaukee 14 |
| TOP OF THE 9TH |
|
Pittsburgh Pirates batting - Pitching for Milwaukee Brewers : RHP Josh Kenyon
|
|
Batting: RHB Andrew Robinson
|
0-0: Ball 1-0: Called Strike 1-1: Ball 2-1: Ball 3-1: Base on Balls
|
|
Pitching: RHP Kouchiro Yamaguchi
|
|
|
Batting: RHB Raul Mendoza
|
0-0: Called Strike 0-1: Foul Ball, location: 2F 0-2: Ball 1-2: Fly out, F7 (Flyball, 7LS, EV 90.0 MPH)
|
|
Batting: RHB Mike Bates
|
0-0: Foul Ball, location: 2F 0-1: Ball 1-1: Called Strike 1-2: Ball 2-2: Fielders Choice at 2nd, 3-6 (Groundball, 3, EV 80.0 MPH)
|
|
Batting: RHB Mike Thornton
|
0-0: Called Strike 0-1: Ball 1-1: Foul Ball, location: 2F 1-2: Strikes out swinging
|
| Top of the 9th over - 0 runs, 0 hits, 0 errors, 1 left on base; Pittsburgh 1 - Milwaukee 14 |
|